[Event "January 2 Early 2024"]
[Site "https://www.chess.com"]
[Date "2024.01.02"]
[Round "11"]
[White "Navara, David"]
[Black "Ilamparthi A R"]
[Result "1/2-1/2"]
[Board "10"]
[TimeControl "180+1"]
[WhiteFideId "309095"]
[BlackFideId "45015775"]
[WhiteElo "2993"]
[BlackElo "2847"]
[WhiteTeam "CZE"]
[BlackTeam "IND"]
[WhiteClock "0:00:16"]
[BlackClock "0:00:27"]

1. d4 d5 2. c4 c6 3. Nf3 Nf6 4. e3 g6 5. Nc3 Bg7 6. Be2 O-O 7. O-O b6 8. b3 Ne4 9. Bb2 Nxc3 10. Bxc3 e6 11. Qc2 Bb7 12. Rfd1 Nd7 13. e4 dxe4 14. Qxe4 Qc7 15. Qe3 Rfe8 16. Ne5 Nxe5 17. dxe5 c5 18. Rd6 Rad8 19. Rad1 Rxd6 20. exd6 Qd7 21. Bxg7 Kxg7 22. h4 e5 23. h5 f6 24. Qg3 Re6 25. Bg4 Rxd6 26. Bxd7 Rxd1+ 27. Kh2 Rxd7 28. h6+ Kf7 29. Qg4 Rd4 30. Qe2 Ke6 31. Kg3 Bc6 32. f3 f5 33. Qb2 g5 34. b4 e4 35. bxc5 bxc5 36. fxe4 Bxe4 37. Qb8 Rd2 38. Qg8+ Kf6 39. Qg7+ Ke6 40. Qg8+ Kf6 41. Qg7+ Ke6 42. Qg8+ 1/2-1/2

[Event "January 2 Early 2024"]
[Site "https://www.chess.com"]
[Date "2024.01.02"]
[Round "11"]
[White "Salem, A.R. Saleh"]
[Black "Bartel, Mateusz"]
[Result "1/2-1/2"]
[Board "11"]
[TimeControl "180+1"]
[WhiteFideId "9301348"]
[BlackFideId "1112635"]
[WhiteElo "2991"]
[BlackElo "2826"]
[WhiteTeam "UAE"]
[BlackTeam "POL"]
[WhiteClock "0:00:03"]
[BlackClock "0:00:08"]

1. d4 Nf6 2. c4 Nc6 3. Nf3 e6 4. a3 g6 5. g3 Bg7 6. Bg2 d5 7. Nbd2 O-O 8. O-O a5 9. b3 b6 10. Bb2 Bb7 11. Rc1 Ne4 12. e3 f5 13. Qc2 Rf7 14. Rfd1 Rc8 15. Ne1 Ne7 16. Ndf3 g5 17. Nd3 Ng6 18. Nfe5 Nxe5 19. Nxe5 Bxe5 20. dxe5 g4 21. h3 h5 22. h4 c6 23. b4 axb4 24. axb4 Rd7 25. Ra1 c5 26. cxd5 Rxd5 27. Rxd5 Bxd5 28. bxc5 Rxc5 29. Qd3 Qc7 30. Qa3 Ra5 31. Qd3 Rxa1+ 32. Bxa1 Qc1+ 33. Qf1 Qc2 34. Bd4 b5 35. f3 Nxg3 36. Qxb5 Ne2+ 37. Kh2 gxf3 38. Qe8+ Kg7 39. Qe7+ Kg8 40. Qe8+ Kg7 41. Qe7+ Kg8 42. Qd8+ Kf7 43. Qd7+ Kf8 44. Qd8+ Kf7 45. Qd7+ Kf8 46. Qd8+ Kf7 1/2-1/2

[Event "January 2 Early 2024"]
[Site "https://www.chess.com"]
[Date "2024.01.02"]
[Round "11"]
[White "Goltsev, Dmitry"]
[Black "Bindrich, Falko"]
[Result "1-0"]
[Board "12"]
[TimeControl "180+1"]
[WhiteFideId "24176710"]
[BlackFideId "4676670"]
[WhiteElo "2773"]
[BlackElo "2850"]
[WhiteTeam "RUS"]
[BlackTeam "GER"]
[WhiteClock "0:00:07"]
[BlackClock "0:00:00"]

1. e4 e5 2. Nf3 Nc6 3. Bb5 a6 4. Ba4 Nf6 5. O-O Be7 6. Re1 b5 7. Bb3 d6 8. c3 O-O 9. d4 Bg4 10. d5 Na5 11. Bc2 c6 12. dxc6 Qc7 13. Nbd2 Rad8 14. Nf1 Qxc6 15. Ne3 Bc8 16. Nf5 Bxf5 17. exf5 h6 18. Qe2 Nc4 19. b3 Nb6 20. Bd2 Rfe8 21. Rac1 Bf8 22. Bb1 Qb7 23. h3 e4 24. Nd4 d5 25. Bf4 Bd6 26. Qe3 Qb8 27. Bxd6 Qxd6 28. Red1 Rc8 29. g4 Qc7 30. Kh1 Nbd7 31. Rg1 Kf8 32. g5 hxg5 33. Qxg5 Ke7 34. Rg3 Rh8 35. Kg2 Rh5 36. Qe3 Rh7 37. c4 Nh5 38. Rg4 Nhf6 39. Rg3 Nh5 40. Rg4 Ne5 41. Rh4 bxc4 42. bxc4 Nxc4 43. Qg5+ f6 44. Qg6 Rch8 45. Ne6 Qe5 46. Rxh5 Rxh5 47. Qxg7+ Ke8 48. Nc7+ Kd8 49. Ne6+ Ke8 50. Bc2 Rg5+ 51. Nxg5 1-0

[Event "January 2 Early 2024"]
[Site "https://www.chess.com"]
[Date "2024.01.02"]
[Round "11"]
[White "Rustemov, Alexander"]
[Black "Martinez Alcantara, Jose Eduardo"]
[Result "0-1"]
[Board "13"]
[TimeControl "180+1"]
[WhiteFideId "4119002"]
[BlackFideId "3805662"]
[WhiteElo "2872"]
[BlackElo "3045"]
[WhiteTeam "RUS"]
[BlackTeam "PER"]
[WhiteClock "0:00:02"]
[BlackClock "0:00:46"]

1. d4 a6 2. Bg5 h6 3. Bh4 b6 4. Nd2 Bb7 5. e4 d6 6. Bd3 g6 7. Ne2 Bg7 8. c3 Nd7 9. O-O Ngf6 10. f3 e5 11. d5 O-O 12. c4 a5 13. Nc3 Bc8 14. a3 Re8 15. b4 Nf8 16. Nb3 g5 17. Bf2 a4 18. Nd2 Ng6 19. Bc2 g4 20. Bxa4 Rf8 21. Bc6 Rb8 22. a4 gxf3 23. Nxf3 Ng4 24. a5 bxa5 25. bxa5 Ba6 26. Bb5 Ra8 27. Ne2 h5 28. Ng3 Nf4 29. Nf5 Qf6 30. Kh1 Kh8 31. g3 Nh3 32. Bg1 Rfb8 33. Qe2 Qg6 34. Be3 Bf6 35. Rfb1 Bc8 36. a6 Bxf5 37. exf5 Qxf5 38. Rf1 Qe4 39. Rae1 Rxb5 40. cxb5 Qxd5 41. Qg2 e4 42. Ng1 Nxg1 43. Bxg1 Re8 44. h3 Bc3 45. hxg4 Bxe1 46. Rxe1 hxg4 47. a7 Kg7 48. Qb2+ f6 49. Qd4 Qf5 50. Qf2 Qh5+ 51. Bh2 Qxb5 52. Qf4 Qd5 53. Qxg4+ Kf7 54. Qd7+ Re7 55. Qc8 e3+ 56. Kg1 Qd2 57. Rf1 e2 58. a8=Q exf1=Q+ 59. Kxf1 Re1# 0-1

[Event "January 2 Early 2024"]
[Site "https://www.chess.com"]
[Date "2024.01.02"]
[Round "11"]
[White "Bryakin, Mikhail"]
[Black "Meier, Georg"]
[Result "1/2-1/2"]
[Board "14"]
[TimeControl "180+1"]
[WhiteFideId "4165314"]
[BlackFideId "4675789"]
[WhiteElo "2857"]
[BlackElo "3013"]
[WhiteTeam "SRB"]
[BlackTeam "URU"]
[WhiteClock "0:02:28"]
[BlackClock "0:02:37"]

1. Nf3 d5 2. d4 Nf6 3. c4 e6 4. g3 Bb4+ 5. Bd2 Be7 6. Bg2 O-O 7. O-O c6 8. Qc2 Nbd7 9. Bf4 b6 10. Rd1 Bb7 11. Nc3 dxc4 12. Nd2 Nd5 13. Nxc4 Nxf4 14. gxf4 Qc7 15. e3 Rad8 16. Rac1 c5 17. d5 exd5 18. Nxd5 Bxd5 19. Rxd5 b5 20. Ne5 Nxe5 21. Rxe5 Bd6 22. Rd5 Be7 23. Re5 Bd6 24. Rd5 Be7 25. Re5 1/2-1/2

[Event "January 2 Early 2024"]
[Site "https://www.chess.com"]
[Date "2024.01.02"]
[Round "11"]
[White "Zemlyanskii, Ivan"]
[Black "Yeletsky, Ivan"]
[Result "0-1"]
[Board "15"]
[TimeControl "180+1"]
[WhiteFideId "24249971"]
[BlackFideId "24180327"]
[WhiteElo "2997"]
[BlackElo "2853"]
[WhiteTeam "RUS"]
[BlackTeam "RUS"]
[WhiteClock "0:00:04"]
[BlackClock "0:00:06"]

1. d4 d6 2. Nf3 Nf6 3. c4 g6 4. Nc3 Bf5 5. Qb3 b6 6. h3 Bg7 7. g4 Bd7 8. Bg2 Nc6 9. Qd1 O-O 10. e4 h5 11. g5 Nh7 12. Be3 e5 13. d5 Nd4 14. Qd2 a6 15. h4 Nxf3+ 16. Bxf3 b5 17. c5 b4 18. Ne2 a5 19. c6 Bc8 20. a3 Ba6 21. axb4 axb4 22. Qxb4 f6 23. Bxh5 gxh5 24. g6 f5 25. gxh7+ Kh8 26. exf5 Bd3 27. Kd2 Rb8 28. Qc3 Be4 29. Rhg1 Bxd5 30. Ra7 Rxf5 31. Rg5 Rxg5 32. Bxg5 Qc8 33. Ng3 Qf8 34. Be3 Rc8 35. Qa5 Bh6 36. Qxd5 Qxf2+ 37. Kd1 Qxe3 38. Nf5 Rf8 39. Rxc7 Qc1+ 40. Ke2 Qxb2+ 41. Kd1 Qc1+ 42. Ke2 Qb2+ 43. Kd1 Qb1+ 44. Ke2 Qxf5 45. Qxd6 Qf3+ 46. Ke1 Qe3+ 47. Kd1 Rf1+ 48. Kc2 Rc1+ 49. Kb2 Qc3+ 50. Ka2 Ra1# 0-1

[Event "January 2 Early 2024"]
[Site "https://www.chess.com"]
[Date "2024.01.02"]
[Round "11"]
[White "Materia, Marco"]
[Black "Svane, Rasmus"]
[Result "0-1"]
[Board "16"]
[TimeControl "180+1"]
[WhiteFideId "45150451"]
[BlackFideId "4657101"]
[WhiteElo "2839"]
[BlackElo "2987"]
[WhiteTeam "FRA"]
[BlackTeam "GER"]
[WhiteClock "0:00:11"]
[BlackClock "0:00:16"]

1. d4 d5 2. c4 e6 3. Nf3 a6 4. cxd5 exd5 5. Bf4 Bd6 6. Bxd6 Qxd6 7. Nc3 Nf6 8. e3 O-O 9. Bd3 Bg4 10. h3 Bxf3 11. Qxf3 c6 12. O-O Nbd7 13. Rab1 a5 14. Bc2 Rfe8 15. a3 g6 16. Rfc1 Kg7 17. Qd1 h5 18. Qd2 Nb6 19. Qd3 Nbd7 20. b4 b5 21. Ne2 Nb6 22. Nf4 Ne4 23. Bb3 axb4 24. axb4 Nc4 25. Bxc4 bxc4 26. Qc2 Reb8 27. f3 Nf6 28. Qd2 Ra4 29. g4 Raxb4 30. Rxb4 Qxb4 31. Qxb4 Rxb4 32. g5 Nh7 33. h4 Nf8 34. e4 Ne6 35. Nxe6+ fxe6 36. Kf2 Kf7 37. Ke3 e5 38. dxe5 Ke6 39. f4 c3 40. Rxc3 d4+ 41. Kd3 dxc3 42. f5+ gxf5 43. g6 fxe4+ 0-1

[Event "January 2 Early 2024"]
[Site "https://www.chess.com"]
[Date "2024.01.02"]
[Round "11"]
[White "Pakleza, Zbigniew"]
[Black "Praggnanandhaa R"]
[Result "0-1"]
[Board "17"]
[TimeControl "180+1"]
[WhiteFideId "1119290"]
[BlackFideId "25059530"]
[WhiteElo "2821"]
[BlackElo "2941"]
[WhiteTeam "POL"]
[BlackTeam "IND"]
[WhiteClock "0:00:21"]
[BlackClock "0:00:32"]

1. d4 Nf6 2. Nf3 g6 3. Bf4 Bg7 4. e3 O-O 5. Be2 d6 6. h3 Nbd7 7. O-O b6 8. c3 Bb7 9. Nbd2 Qe8 10. Bh2 e5 11. a4 e4 12. Ne1 a5 13. Nc2 Nd5 14. Na3 Qe7 15. Nb5 N7f6 16. Qb3 Qd7 17. Rac1 Ne7 18. Rfd1 Nf5 19. c4 Ba6 20. Bf1 c6 21. Nc3 Rfe8 22. Qc2 Qe7 23. c5 bxc5 24. dxc5 d5 25. Bxa6 Rxa6 26. Nb3 Qb7 27. Nd4 Nxd4 28. exd4 Qb4 29. Na2 Qb7 30. Rb1 e3 31. fxe3 Rxe3 32. b4 Qe7 33. b5 Re2 34. Qd3 cxb5 35. axb5 Rae6 36. Nc3 R6e3 37. Qxe2 Rxe2 38. Nxe2 Qxe2 39. b6 Ne4 40. b7 Qe3+ 41. Kh1 Nf2+ 42. Kg1 Nxh3+ 43. Kh1 Nf2+ 44. Kg1 Nxd1+ 45. Kh1 Qe1+ 46. Bg1 Nf2+ 47. Kh2 Qxb1 0-1

[Event "January 2 Early 2024"]
[Site "https://www.chess.com"]
[Date "2024.01.02"]
[Round "11"]
[White "Klimkowski, Jan"]
[Black "Bologan, Victor"]
[Result "1/2-1/2"]
[Board "18"]
[TimeControl "180+1"]
[WhiteFideId "21856222"]
[BlackFideId "13900048"]
[WhiteElo "2936"]
[BlackElo "2821"]
[WhiteTeam "POL"]
[BlackTeam "MDA"]
[WhiteClock "0:00:32"]
[BlackClock "0:01:03"]

1. Nf3 c5 2. e4 d6 3. d4 cxd4 4. Nxd4 Nf6 5. Nc3 a6 6. Rg1 g6 7. g4 Bg7 8. g5 Nfd7 9. Be3 Nc6 10. Qd2 O-O 11. O-O-O Nde5 12. Be2 Be6 13. Nxe6 fxe6 14. f4 Nd7 15. Bg4 Nc5 16. Bxc5 dxc5 17. Bxe6+ Kh8 18. Qxd8 Nxd8 19. f5 Bd4 20. Rg3 Nxe6 21. fxe6 Rf4 22. Ne2 Rxe4 23. Nxd4 cxd4 24. Rb3 b5 25. Rb4 Rd8 26. c3 Rxe6 27. Rbxd4 Rxd4 28. Rxd4 Kg7 29. Kd2 Re5 30. h4 h6 31. gxh6+ Kxh6 32. b3 Kh5 33. a4 Rf5 34. Ke3 Rc5 35. Kd3 Rf5 36. axb5 axb5 37. Ke3 Rc5 38. c4 bxc4 39. bxc4 e5 40. Re4 Kh6 41. Kd3 Kg7 42. Re1 Ra5 43. Ke4 Rc5 44. Kd3 Ra5 45. Rb1 Kf6 46. Rf1+ Ke6 47. Rg1 Kf5 48. Rf1+ Ke6 49. Rg1 Kf5 50. Rf1+ Ke6 1/2-1/2

[Event "January 2 Early 2024"]
[Site "https://www.chess.com"]
[Date "2024.01.02"]
[Round "11"]
[White "Vasquez Schroeder, Rodrigo"]
[Black "De Winter, Arthur"]
[Result "1-0"]
[Board "19"]
[TimeControl "180+1"]
[WhiteFideId "3400042"]
[BlackFideId "1069020"]
[WhiteElo "2930"]
[BlackElo "2803"]
[WhiteTeam "CHI"]
[BlackTeam "NED"]
[WhiteClock "0:02:15"]
[BlackClock "0:01:28"]

1. e4 c5 2. Nf3 d6 3. d4 cxd4 4. Nxd4 Nf6 5. Nc3 Bd7 6. Bg5 e6 7. Qd2 h6 8. Bxf6 Qxf6 9. Ndb5 Bxb5 10. Bxb5+ Nc6 11. O-O-O Be7 12. f4 O-O 13. g4 a6 14. Bxc6 bxc6 15. h4 g6 16. g5 hxg5 17. hxg5 Qg7 18. Rh3 f6 19. gxf6 Rxf6 20. Rdh1 Raf8 21. Qh2 Kf7 22. Rh7 1-0

[Event "January 2 Early 2024"]
[Site "https://www.chess.com"]
[Date "2024.01.02"]
[Round "11"]
[White "Pranav Anand"]
[Black "ilqar_74"]
[Result "1-0"]
[Board "20"]
[TimeControl "180+1"]
[WhiteFideId "46626786"]
[WhiteElo "2927"]
[BlackElo "2785"]
[WhiteTeam "IND"]
[WhiteClock "0:00:08"]
[BlackClock "0:00:00"]

1. e4 c5 2. Nf3 d6 3. Bb5+ Bd7 4. a4 Nc6 5. O-O Nf6 6. Re1 e6 7. c3 a6 8. Bf1 Be7 9. d4 cxd4 10. cxd4 d5 11. e5 Ne4 12. Nbd2 Nxd2 13. Bxd2 Rc8 14. Qb3 Rb8 15. a5 O-O 16. Bd3 h6 17. Bb1 f5 18. exf6 Bxf6 19. Qd3 Kf7 20. Qg6+ Ke7 21. Ra3 Qc7 22. Rae3 Rbe8 23. Ne5 Kd8 24. Nxc6+ bxc6 25. Bc3 c5 26. Qd3 Bb5 27. Qd2 Kc8 28. dxc5 d4 29. Bxd4 Rd8 30. Rxe6 Bxd4 31. Re7 Qf4 32. Qxf4 Rxf4 33. Kh1 Rxf2 34. Be4 Rd7 35. Re8+ Kc7 36. c6 Rdf7 37. h4 Rf1+ 38. Rxf1 Rxf1+ 39. Kh2 Bxc6 40. Bxc6 Kxc6 41. b4 Kb5 42. Rb8+ Ka4 43. Kh3 h5 44. g4 1-0

[Event "January 2 Early 2024"]
[Site "https://www.chess.com"]
[Date "2024.01.02"]
[Round "11"]
[White "Popov, Konstantin"]
[Black "Hammer, Jon Ludvig"]
[Result "1-0"]
[Board "21"]
[TimeControl "180+1"]
[WhiteFideId "34137910"]
[BlackFideId "1503707"]
[WhiteElo "2917"]
[BlackElo "2778"]
[WhiteTeam "FID"]
[BlackTeam "NOR"]
[WhiteClock "0:01:30"]
[BlackClock "0:00:03"]

1. e4 c6 2. d4 d5 3. e5 Bf5 4. h4 h5 5. Bd3 Bxd3 6. Qxd3 Qa5+ 7. Nd2 e6 8. Nf3 Qa6 9. c4 Bb4 10. O-O Ne7 11. b3 c5 12. dxc5 Nbc6 13. Qc2 dxc4 14. Nxc4 Bxc5 15. Be3 Ba3 16. b4 b5 17. Nd6+ Kf8 18. Bc5 Bxb4 19. Ng5 Bxc5 20. Qxc5 Qb6 21. Qxb6 axb6 22. Ndxf7 Rg8 23. Nd6 Ng6 24. f4 Ke7 25. Nxb5 Nxh4 26. Rac1 Rgc8 27. Nd6 Rc7 28. Rc2 Nxe5 29. fxe5 Rxc2 30. Rf7+ Kd8 31. Nxe6# 1-0

[Event "January 2 Early 2024"]
[Site "https://www.chess.com"]
[Date "2024.01.02"]
[Round "11"]
[White "Aravindh, Chithambaram VR."]
[Black "Han, Yichen"]
[Result "1-0"]
[Board "22"]
[TimeControl "180+1"]
[WhiteFideId "5072786"]
[BlackFideId "1054430"]
[WhiteElo "2917"]
[BlackElo "2708"]
[WhiteTeam "IND"]
[BlackTeam "NED"]
[WhiteClock "0:00:52"]
[BlackClock "0:00:03"]

1. b3 d5 2. Bb2 Nf6 3. g3 Nc6 4. Nf3 Bg4 5. Bg2 Qd6 6. d4 e6 7. Nbd2 Be7 8. O-O O-O 9. c4 Rad8 10. Ne5 Nb8 11. Nxg4 Nxg4 12. e4 Nh6 13. exd5 exd5 14. Bxd5 c6 15. Bg2 Nf5 16. d5 Qg6 17. Be4 cxd5 18. cxd5 Bf6 19. Qc2 Bxb2 20. Bxf5 Qf6 21. Bxh7+ Kh8 22. Rab1 Bd4 23. Be4 Na6 24. Bg2 Nb4 25. Qc4 Nxa2 26. Ne4 Qb6 27. d6 Nb4 28. Rbd1 Nc6 29. Ng5 Kg8 30. Bxc6 Bf6 31. Nxf7 1-0

[Event "January 2 Early 2024"]
[Site "https://www.chess.com"]
[Date "2024.01.02"]
[Round "11"]
[White "Tanriverdi, Enes"]
[Black "Zhigalko, Sergei"]
[Result "0-1"]
[Board "23"]
[TimeControl "180+1"]
[WhiteFideId "34543279"]
[BlackFideId "13502956"]
[WhiteElo "2686"]
[BlackElo "2914"]
[WhiteTeam "TUR"]
[BlackTeam "BLR"]
[WhiteClock "0:00:00"]
[BlackClock "0:00:37"]

1. d4 Nf6 2. g3 e6 3. Bg2 d5 4. Nf3 Be7 5. O-O b5 6. Ne5 O-O 7. Nd2 c5 8. c3 Bb7 9. e3 a5 10. f4 b4 11. g4 Nbd7 12. g5 Ne8 13. Ndf3 Nd6 14. Nxd7 Qxd7 15. Ne5 Qc7 16. Bd2 f6 17. gxf6 gxf6 18. Nd3 Nf5 19. Qh5 Ba6 20. Nf2 Bxf1 21. Rxf1 bxc3 22. bxc3 cxd4 23. cxd4 Kh8 24. e4 dxe4 25. Bxe4 Rg8+ 26. Kh1 Qc4 27. Re1 Qxd4 28. Bxf5 Qd5+ 29. Re4 exf5 30. Bc3 Rad8 0-1

[Event "January 2 Early 2024"]
[Site "https://www.chess.com"]
[Date "2024.01.02"]
[Round "11"]
[White "Aswath, S"]
[Black "Galchenko, Matvey"]
[Result "0-1"]
[Board "24"]
[TimeControl "180+1"]
[WhiteFideId "46694919"]
[BlackFideId "24175480"]
[WhiteElo "2634"]
[BlackElo "2898"]
[WhiteTeam "IND"]
[BlackTeam "FID"]
[WhiteClock "0:00:44"]
[BlackClock "0:00:10"]

1. c4 e6 2. g3 d5 3. Bg2 dxc4 4. Qa4+ Nd7 5. Nf3 a6 6. Qxc4 b5 7. Qc2 Bb7 8. O-O c5 9. d3 Ngf6 10. Nc3 Be7 11. Bf4 O-O 12. Rfd1 Qb6 13. a4 Rac8 14. Qb3 b4 15. a5 Qd8 16. e4 Bc6 17. Nb1 c4 18. Qxc4 Ba4 19. Rxa4 Rxc4 20. dxc4 Qc8 21. Ra1 Nxe4 22. Ne5 Nxe5 23. Bxe5 Qxc4 24. b3 Qe2 25. Rf1 Nxf2 26. Bd4 Nd3 27. Bf3 Qc2 28. Bd1 Qc8 29. Nd2 Bc5 30. Bxc5 Qxc5+ 31. Kg2 Qc3 32. Ra2 Rd8 33. Ne4 Ne1+ 34. Kh3 Qe3 35. Nf2 Qh6+ 36. Kg4 f5# 0-1

[Event "January 2 Early 2024"]
[Site "https://www.chess.com"]
[Date "2024.01.02"]
[Round "11"]
[White "Kramnik, Vladimir"]
[Black "Tregubov, Pavel V."]
[Result "1-0"]
[Board "25"]
[TimeControl "180+1"]
[WhiteFideId "4101588"]
[BlackFideId "4115341"]
[WhiteElo "2980"]
[BlackElo "2669"]
[WhiteTeam "RUS"]
[BlackTeam "FRA"]
[WhiteClock "0:00:02"]
[BlackClock "0:00:00"]

1. e4 c5 2. Nf3 e6 3. b3 Nc6 4. Bb2 a6 5. c4 Qc7 6. g3 Nf6 7. Nc3 Be7 8. Bg2 O-O 9. O-O Rb8 10. d4 cxd4 11. Nxd4 Nxd4 12. Qxd4 d6 13. Rac1 b6 14. Rfd1 Bb7 15. Ba3 Rfd8 16. h3 h6 17. Qe3 Rbc8 18. Kh2 Qb8 19. Qxb6 Qa8 20. Qe3 Bc6 21. Rd2 Qb7 22. Rcd1 Qc7 23. f4 Ne8 24. Bb2 Nf6 25. e5 dxe5 26. Rxd8+ Rxd8 27. Rxd8+ Bxd8 28. Qxe5 Qd7 29. Bxc6 Qxc6 30. Ne2 Qf3 31. Bd4 Bc7 32. Qe3 Qf1 33. Qf2 Qd1 34. Nc3 Qd3 35. Qe3 Qc2+ 36. Qe2 Qf5 37. Bxf6 Qxf6 38. Qd3 Ba5 39. Ne2 Qb2 40. c5 Qxa2 41. Qxa6 Qc2 42. c6 Bb6 43. Qc4 Qd2 44. Qe4 h5 45. h4 g6 46. Kg2 Qe1 47. Qf3 Qd2 48. Qe4 Qe1 49. Qf3 Qd2 50. Kh3 Qe1 51. Nc3 Qc1 52. Ne4 Bc7 53. Nf6+ Kf8 54. Nd7+ Kg7 55. b4 Qc4 56. b5 Qxb5 57. Qc3+ e5 58. Kg2 1-0

[Event "January 2 Early 2024"]
[Site "https://www.chess.com"]
[Date "2024.01.02"]
[Round "11"]
[White "Wagner, Dennis"]
[Black "NevorLegov"]
[Result "0-1"]
[Board "26"]
[TimeControl "180+1"]
[WhiteFideId "24650684"]
[WhiteElo "2750"]
[BlackElo "2921"]
[WhiteTeam "GER"]
[WhiteClock "0:00:13"]
[BlackClock "0:00:06"]

1. Nf3 d5 2. e3 c5 3. b3 a6 4. Bb2 Nc6 5. d4 Nf6 6. Bd3 Bg4 7. Nbd2 e6 8. h3 Bh5 9. O-O Bd6 10. dxc5 Bxc5 11. c4 d4 12. e4 Nd7 13. a3 Nde5 14. Qe2 Qf6 15. g4 Nxg4 16. hxg4 Bxg4 17. e5 Qh6 18. Qe4 Bf5 19. Qe2 Qg6+ 20. Kh2 Bxd3 21. Qd1 Qh5+ 22. Kg3 Nxe5 23. Nxe5 Qxe5+ 24. f4 Qf5 25. Re1 g5 26. Qg4 gxf4+ 27. Kf3 Qxg4+ 28. Kxg4 Rg8+ 29. Kxf4 Bd6+ 30. Kf3 Rg3+ 31. Kf2 Rg4 32. Rg1 Rf4+ 33. Ke1 O-O-O 34. c5 Be7 35. Rc1 Bh4+ 36. Kd1 e5 37. Nc4 Bxc4 38. Rxc4 Rf2 39. Bc1 f5 40. c6 Bf6 41. Rh1 Rg8 42. cxb7+ Kb8 43. Bd2 e4 44. Rxh7 Rg7 45. Rxg7 Bxg7 46. Rb4 e3 47. Be1 Rg2 48. Bh4 Be5 49. Be7 f4 50. Bc5 f3 51. Ba7+ Kxa7 52. b8=Q+ Bxb8 53. Rxd4 e2+ 54. Ke1 Bg3+ 55. Kd2 e1=Q+ 56. Kd3 Qe2+ 57. Kc3 Qc2+ 58. Kb4 Be1+ 59. Ka4 Qc6# 0-1

[Event "January 2 Early 2024"]
[Site "https://www.chess.com"]
[Date "2024.01.02"]
[Round "11"]
[White "Dyachuk, Artem"]
[Black "Makhnev, Denis"]
[Result "0-1"]
[Board "27"]
[TimeControl "180+1"]
[WhiteFideId "34107924"]
[BlackFideId "13707647"]
[WhiteElo "2720"]
[BlackElo "2918"]
[WhiteTeam "UKR"]
[BlackTeam "KAZ"]
[WhiteClock "0:00:33"]
[BlackClock "0:02:13"]

1. e4 e5 2. f4 exf4 3. Nf3 d6 4. Bc4 g5 5. d4 h6 6. O-O Bg7 7. Nc3 Nc6 8. Ne2 Bg4 9. c3 Nf6 10. Kh1 O-O 11. Bd3 Qe7 12. Qc2 Rae8 13. Re1 Bh5 14. Neg1 Bg6 15. e5 Bxd3 16. Qxd3 dxe5 17. dxe5 Ng4 18. Qf1 Qc5 19. Nd4 Nxd4 20. cxd4 Qxd4 21. Nf3 Qb6 22. h4 Nf2+ 23. Kh2 g4 24. Bxf4 gxf3 25. gxf3 Qxb2 26. Re2 Qd4 27. Bg3 Nd3 28. Rd1 Bxe5 29. Rg2 Qxh4+ 30. Kg1 Bxg3 31. Rxd3 Kh8 32. Qa1+ f6 33. Rd7 Re1+ 34. Qxe1 Bxe1 35. Rgg7 0-1

[Event "January 2 Early 2024"]
[Site "https://www.chess.com"]
[Date "2024.01.02"]
[Round "11"]
[White "Injac, Teodora"]
[Black "Mekhitarian, Krikor Sevag"]
[Result "0-1"]
[Board "28"]
[TimeControl "180+1"]
[WhiteFideId "932400"]
[BlackFideId "2107660"]
[WhiteElo "2665"]
[BlackElo "2836"]
[WhiteTeam "SRB"]
[BlackTeam "BRA"]
[WhiteClock "0:00:07"]
[BlackClock "0:00:10"]

1. d4 Nf6 2. Nf3 g6 3. c4 Bg7 4. g3 d5 5. cxd5 Nxd5 6. Bg2 Nb6 7. O-O Nc6 8. e3 e5 9. Nc3 exd4 10. exd4 O-O 11. Bg5 Qd7 12. d5 Ne7 13. Re1 f6 14. Bd2 Nexd5 15. Nd4 Qf7 16. Ndb5 c6 17. Nd6 Qd7 18. Nxd5 Nxd5 19. Bxd5+ cxd5 20. Bb4 h5 21. Qxd5+ Kh7 22. Rad1 Qa4 23. a3 Bg4 24. Rd4 Qd7 25. Qb3 Rad8 26. Rd2 Qc6 27. Qe3 Rd7 28. Ne4 Rxd2 29. Qxd2 Re8 30. h3 Bxh3 31. Kh2 Bf5 32. f3 Bxe4 33. fxe4 Rxe4 34. Rd1 Qe6 35. Re1 Rxe1 36. Qxe1 Qxe1 37. Bxe1 f5 38. b3 b5 39. a4 bxa4 40. bxa4 Be5 41. Kg2 Kg7 42. Kf3 Kf7 43. Bb4 g5 44. a5 g4+ 45. Kg2 a6 46. Bc5 Ke6 47. Bb6 Kd5 48. Kf2 Kc4 0-1

[Event "January 2 Early 2024"]
[Site "https://www.chess.com"]
[Date "2024.01.02"]
[Round "11"]
[White "Niedbala, Bartlomiej"]
[Black "Klukin, Kirill"]
[Result "1/2-1/2"]
[Board "29"]
[TimeControl "180+1"]
[WhiteFideId "21834008"]
[BlackFideId "24199273"]
[WhiteElo "2649"]
[BlackElo "2825"]
[WhiteTeam "POL"]
[BlackTeam "RUS"]
[WhiteClock "0:00:04"]
[BlackClock "0:00:02"]

1. e4 c5 2. Nf3 g6 3. d4 cxd4 4. Nxd4 Bg7 5. c4 Nc6 6. Be3 Nf6 7. Nc3 O-O 8. Be2 d6 9. f3 a5 10. Qd2 Nh5 11. Nc2 Be6 12. g4 Nf6 13. h4 h5 14. gxh5 Nxh5 15. Rg1 Ne5 16. Na3 Rc8 17. b3 Nf6 18. Nab5 a4 19. Nd4 Bd7 20. f4 Neg4 21. e5 dxe5 22. fxe5 Nxe5 23. h5 Bg4 24. hxg6 fxg6 25. O-O-O axb3 26. axb3 Qa5 27. Kb2 Bxe2 28. Ncxe2 Qxd2+ 29. Bxd2 Ne4 30. Bb4 Rf2 31. Kb1 Nc6 32. Rxg6 Nxb4 33. Rdg1 Rf1+ 34. Rxf1 Nd2+ 35. Kc1 Nxf1 36. Nf5 Kf7 37. Rxg7+ Kf6 38. Rxe7 Kxf5 39. Rf7+ Ke4 40. Rxf1 Ra8 41. Nc3+ Ke3 42. Kb2 Nd3+ 43. Kb1 Kd2 44. Ne4+ Ke3 45. Nc3 Kd2 46. Nb5 Rh8 47. Rg1 Nc5 48. Nd4 Kd3 49. Rd1+ Kc3 50. Ka2 Rh2+ 51. Ka3 Nd3 52. Nb5+ Kc2 53. Rg1 Nc1 54. Nd4+ Kd2 55. Kb4 Nd3+ 56. Kb5 Rf2 57. Rh1 Kc3 58. Rh4 Rg2 59. Ne6 Rg6 60. Nf4 Rg5+ 61. c5 Nxc5 62. Nh3 Rf5 63. b4 Nd3+ 64. Ka4 Nb2+ 65. Ka3 Nc4+ 66. Ka4 Rf1 67. Kb5 Nd6+ 68. Kc5 Rf6 69. Ng5 Nf5 70. Rh3+ Kb2 71. Ne4 Rg6 72. Kd5 Ne7+ 73. Ke5 Nc6+ 74. Kf5 Rg8 75. Kf4 Nd4 76. Ke3 Nc6 77. Rh2+ Kb3 78. b5 Nb4 79. Kd4 Rd8+ 80. Kc5 Rc8+ 81. Kb6 Nd5+ 82. Kxb7 Rc4 83. b6 Rxe4 84. Rh3+ Kc4 85. Kc6 Re6+ 86. Kd7 Rxb6 87. Rh4+ Kc5 88. Rh5 Rb7+ 89. Ke6 Rb6+ 90. Kd7 Rg6 91. Re5 Rg7+ 92. Ke8 Kd6 93. Re1 Ra7 94. Kf8 Nf4 95. Kg8 Ng6 96. Re2 Ne5 97. Re1 Ke6 98. Kh8 Kf6 99. Rf1+ Kg5 100. Rg1+ Ng4 101. Rg2 Kh5 102. Kg8 Nf6+ 103. Kf8 Kh6 104. Rg6+ Kxg6 1/2-1/2

[Event "January 2 Early 2024"]
[Site "https://www.chess.com"]
[Date "2024.01.02"]
[Round "11"]
[White "Mirzoev, Azer"]
[Black "Molina, Roberto Junio Brito"]
[Result "1-0"]
[Board "30"]
[TimeControl "180+1"]
[WhiteFideId "13400304"]
[BlackFideId "2109450"]
[WhiteElo "2634"]
[BlackElo "2802"]
[WhiteTeam "AZE"]
[BlackTeam "BRA"]
[WhiteClock "0:01:54"]
[BlackClock "0:01:03"]

1. d4 d5 2. Nf3 Nf6 3. Bf4 e6 4. e3 Bd6 5. Nbd2 Bxf4 6. exf4 Qd6 7. g3 c5 8. c3 O-O 9. dxc5 Qxc5 10. Bd3 b6 11. O-O Ba6 12. Bxa6 Nxa6 13. Ne5 Qc7 14. Re1 g6 15. Ndf3 Nc5 16. h4 Nfe4 17. Kg2 Rfd8 18. Qe2 Rd6 19. h5 f6 20. Nd3 Re8 21. Rad1 Kg7 22. Rh1 a6 23. hxg6 hxg6 24. Nh4 Nxd3 25. Rxd3 Nc5 26. Rdd1 Qf7 27. Qg4 f5 28. Qe2 e5 29. fxe5 f4 30. Nf3 fxg3 31. Rh7+ Kxh7 32. Ng5+ Kg7 33. Nxf7 1-0